 Dungeon Crawl Stone Soup version 0.20-a0-1058-g0491fde (webtiles) character file.

7361 Gorglomux the Severer (level 11, -6/94 HPs)
             Began as a Hill Orc Chaos Knight on Apr 26, 2017.
             Was an Elder of Okawaru.
             Mangled by a sixfirhy (11 damage)
             ... on level 1 of the Abyss.
             The game lasted 00:26:41 (9996 turns).

Gorglomux the Severer (Hill Orc Chaos Knight)       Turns: 9996, Time: 00:26:44

Health: -6/94      AC: -6    Str: 19    XL:     11   Next: 14%
Magic:  16/16      EV: 11    Int: 12    God:    Okawaru [****..]
Gold:   395        SH:  0    Dex: 14    Spells: 10/10 levels left

rFire    . . .     SeeInvis .   z - +0 war axe
rCold    . . .     Gourm    .   (no shield)
rNeg     . . .     Faith    .   q - +2 chain mail {rPois}
rPois    +         Spirit   .   (no helmet)
rElec    .         Reflect  .   A - +2 cloak {rPois}
rCorr    .         Harm     .   D - +0 pair of gloves
MR       .....                  (no boots)
Stlth    ..........             (no amulet)
Regen    0.3/turn               (no ring)
MPRegen  0.2/turn               (no ring)

@: about to teleport, heroism, corroded
A: yellow scales 1, agile 1, strong 1
a: Heroism, Renounce Religion


You were on level 1 of the Abyss.
You worshipped Okawaru.
Okawaru was greatly pleased with you.
You were not hungry.

You visited 1 branch of the dungeon, and saw 9 of its levels.
You visited the Abyss 1 time.

You collected 575 gold pieces.
You spent 180 gold pieces at shops.

Inventory:

Hand Weapons
 a - a +1 hand axe of chaos
 z - a +0 war axe (weapon)
   (You found it on level 2 of the Dungeon)
Armour
 q - a +2 chain mail of poison resistance (worn)
   (You bought it in a shop on level 7 of the Dungeon)
 A - a +2 cloak of poison resistance (worn)
   (You took it off Maurice on level 8 of the Dungeon)
 D - a +0 pair of gloves (worn)
   (You found it on level 9 of the Dungeon)
Jewellery
 h - a +2 ring of intelligence
   (You found it on level 1 of the Dungeon)
 C - a +3 ring of strength {unknown}
   (You took it off a big kobold on level 8 of the Dungeon)
Wands
 e - a wand of polymorph (7/24)
   (You found it on level 8 of the Dungeon)
 g - a wand of lightning (6/15)
   (You found it on level 6 of the Dungeon)
 p - a wand of iceblast (3/15)
   (Xom gifted it to you on level 3 of the Dungeon)
 y - a wand of confusion (5/48)
   (You found it on level 6 of the Dungeon)
Scrolls
 b - a scroll of magic mapping {unknown}
 d - 2 scrolls of vulnerability {unknown}
 k - a scroll of enchant weapon
 l - 3 scrolls of enchant armour
 m - 8 scrolls of teleportation
 s - a scroll of remove curse
 x - a scroll of torment {unknown}
 B - a scroll of identify
Potions
 j - 2 potions of heal wounds
 o - 3 potions of curing
 r - 3 potions of ambrosia
 u - a potion of mutation {!q}
 v - 2 potions of haste
 w - 2 potions of flight
Comestibles
 c - 5 bread rations {@e1@e1}
 i - 3 meat rations {@e2@e2}
 n - 4 royal jellies
 t - 4 fruits


   Skills:
 + Level 7.8(12.8) Fighting
 - Level 16.6(21.6) Axes
 + Level 6.8(11.8) Armour
 - Level 0.7(5.7) Dodging
 + Level 7.7 Invocations


You had 10 spell levels left.
You didn't know any spells.

Dungeon Overview and Level Annotations

Branches:
Dungeon (9/15)             Temple (0/1) D:6             Orc (0/2) D:9
   Lair: D:8-11

Altars:
Ashenzari
Dithmenos
Fedhas
Hepliaklqana
Makhleb
Okawaru
Sif Muna
Wu Jian
Xom
Yredelemnul
The Shining One

Shops:
D:6 }   D:7 [

Annotations:
D:9 Psyche


Innate Abilities, Weirdness & Mutations

You are partially covered in yellow scales. (AC +2)
You are agile. (Dex +2)
Your muscles are strong. (Str +2)


Message History

You hit something.
Something hits you but does no damage. x2
You hit something but do no damage. Something hits you but does no damage.
You closely miss something. Something hits you.
Something hits you but does no damage.
You take 1 damage, and have 77/92 hp.
You slash something! Something hits you!
You take 8 damage, and have 69/92 hp.
You hit something but do no damage. Something hits you but does no damage.
You closely miss something. Something hits you but does no damage.
You swing at nothing.
Something hits you but does no damage.
You miss something.
Something hits you but does no damage. x2
You hit something but do no damage. Something hits you.
You take 5 damage, and have 65/92 hp.
You swing at nothing.
Something hits you but does no damage.
You barely miss something. Something hits you but does no damage.
Something hits you.
You miss something.
Something hits you but does no damage. x2
You slice something!! Okawaru accepts your kill.
Reactivating autopickup.
You feel a bit more experienced.
You start resting.
A rust devil comes into view.
You regained 3 hp, and now have 69/93 hp.
You start resting.
Eating one of 2 chunks of flesh {@w0@w0}.
You eat one of the 2 chunks of flesh {@w0@w0}.
You regained 5 hp, and now have 74/93 hp.
Unknown command.
The rust devil screeches!
You gain the combat prowess of a mighty hero.
You now have 14/16 mp.
You swing at nothing.
You hit the rust devil. The rust devil hits you. The rust devil corrodes you!
You take 4 damage, and have 73/93 hp.
You closely miss the rust devil. You slash the rust devil!
The rust devil barely misses you.
You closely miss the rust devil. The rust devil hits you.
The rust devil corrodes you!
You hit the rust devil but do no damage.
You hit the rust devil but do no damage.
The rust devil hits you. The rust devil corrodes you!
You hit the rust devil but do no damage.
The rust devil hits you. The rust devil corrodes you!
You take 5 damage, and have 68/93 hp.
You hit the rust devil. The rust devil barely misses you.
The ynoxinul bellows!
You hit the rust devil but do no damage.
You slash the rust devil! The rust devil hits you. The rust devil corrodes you!
You take 1 damage, and have 67/93 hp.
You hit the rust devil but do no damage.
The rust devil hits you. The rust devil corrodes you!
You take 4 damage, and have 63/93 hp.
You hit the rust devil but do no damage.
You hit the rust devil but do no damage.
The rust devil hits you. The rust devil corrodes you!
You take 4 damage, and have 60/93 hp.
You hit the rust devil but do no damage.
The rust devil completely misses you.
You closely miss the rust devil. You slash the rust devil!
You kill the rust devil!
Okawaru accepts your kill. The ynoxinul gestures at you.
The iron shot misses you.
MP restored: 16 The ynoxinul gestures.
All of the chunks of flesh in your inventory have rotted away.
A sixfirhy comes into view.
Unknown command.
A wretched star comes into view.
The sixfirhy hits you. The sixfirhy shocks you!
A small abomination comes into view.
You take 12 damage, and have 49/94 hp.
Okay, then.
As you read the scroll of teleportation, it crumbles to dust.
You feel strangely unstable.
You feel the power of the Abyss delaying your translocation!
Unknown command.
Unknown command.
Unknown command.
The sixfirhy hits you. The sixfirhy shocks you!
The sixfirhy closely misses you. The sixfirhy hits you!
* * * LOW HITPOINT WARNING * * *
The sixfirhy shocks you!
* * * LOW HITPOINT WARNING * * *
You take 35 damage, and have 15/94 hp.
MASSIVE DAMAGE!!
Unknown command.
You feel much better. The sixfirhy hits you. The sixfirhy shocks you!
* * * LOW HITPOINT WARNING * * *
The sixfirhy hits you.
* * * LOW HITPOINT WARNING * * *
The sixfirhy shocks you!
* * * LOW HITPOINT WARNING * * *
The sixfirhy hits you.
* * * LOW HITPOINT WARNING * * *
The sixfirhy shocks you!
You die...
Xom giggles madly!

. . #. # ## #
.. #.#. .# ##.
.# #
#..###.#.. ##.
#.#.......# #
.. #x.#....#
#.## # ##.
#.?.#3##.#..#.
#...####.#.
3._. #
#....#3#. #
.(..# #.@.##.#
. #4
#..###.#.# . .
#..####.#...#
## #..# #.#. .
. .#.. #.# # #
## .#.## #...
. .. ## ## ..#
#


You could see a sixfirhy and a ynoxinul.

Vanquished Creatures
  A two-headed ogre (D:7)
  An unseen horror (Abyss:1)
  The ghost of Goblin1989 the Arsonist, a novice DEFE of Vehumet (D:8)
  A rust devil (Abyss:1)
  Maurice (D:8)
  A hornet (D:8)
  3 hippogriffs
  3 yaks (D:9)
  2 steam dragons
  A hungry ghost (D:8)
  Duvessa (D:5)
  3 sky beasts
  2 orc warriors
  A black bear (D:9)
  5 necrophages (D:6)
  4 ogres
  2 centaurs
  A big kobold (D:8)
  3 bullfrogs
  A water moccasin zombie (D:5)
  A wyvern zombie (D:8)
  3 scorpions
  Dowan (D:5)
  3 howler monkeys
  3 crimson imps
  A bullfrog zombie (D:5)
  A centaur zombie (D:6)
  6 hounds
  4 jellies
  6 orc wizards
  4 orc priests
  3 bullfrog skeletons
  2 iguanas
  4 worker ants
  A hound zombie (D:7)
  2 hound skeletons
  A worker ant zombie (D:6)
  A gnoll (D:3)
  7 adders
  3 shadow imps
  An ooze (D:2)
  An adder skeleton (D:4)
  5 worms
  A dart slug (D:1)
  5 leopard geckos
  31 orcs
  4 bats
  7 giant cockroaches
  7 goblins
  7 hobgoblins
  21 jackals
  2 quokkas
  8 frilled lizards
  13 kobolds
  A quokka skeleton (D:5)
  A quokka zombie (D:6)
  8 rats
  A spectral orc (D:7)
  4 toadstools (D:1)
223 creatures vanquished.

Vanquished Creatures (collateral kills)
  A leopard gecko skeleton (D:4)
1 creature vanquished.

Vanquished Creatures (others)
  A bush (D:6)
  5 plants (D:6)
6 creatures vanquished.

Grand Total: 230 creatures vanquished

Notes
Turn   | Place    | Note
-------+----------+-------------------------------------------
     0 | D:1      | Gorglomux the Hill Orc Chaos Knight began the quest for the Orb.
     0 | D:1      | Reached XP level 1. HP: 19/19 MP: 1/1
    48 | D:1      | XOM: harmless Pois miscast
   126 | D:1      | XOM: potion effect (brilliance)
   130 | D:1      | Reached XP level 2. HP: 17/26 MP: 2/2
   209 | D:1      | Reached skill level 5 in Axes
   225 | D:1      | HP: 5/26 [kobold/dagger (3)]
   270 | D:1      | XOM: divination: detect items
   494 | D:1      | Reached XP level 3. HP: 30/31 MP: 3/3
  1090 | D:2      | XOM: give mutations
  1090 | D:2      | Gained mutation: You have large cloven feet. [Xom's grace]
  1090 | D:2      | Gained mutation: You are partially covered in yellow scales. (AC +2) [Xom's grace]
  1090 | D:2      | Gained mutation: Your muscles are strong. (Str +2) [Xom's grace]
  1090 | D:2      | Gained mutation: Your muscles are very strong. (Str +4) [Xom's grace]
  1130 | D:2      | Reached skill level 6 in Axes
  1282 | D:2      | XOM: mild Necr miscast
  1362 | D:2      | Reached XP level 4. HP: 39/39 MP: 4/4
  1556 | D:2      | Found a glowing golden altar of the Shining One.
  1865 | D:3      | XOM: god gift: wand of iceblast (?/15) {god gift}
  1887 | D:3      | Noticed an ogre
  1894 | D:3      | Killed an ogre
  1894 | D:3      | Reached skill level 7 in Axes
  1894 | D:3      | Reached XP level 5. HP: 21/45 MP: 5/5
  2122 | D:3      | XOM: divination: detect creatures
  2333 | D:3      | Reached skill level 8 in Axes
  2612 | D:4      | XOM: noise
  2673 | D:4      | Reached XP level 6. HP: 51/51 MP: 6/6
  2800 | D:4      | Reached skill level 9 in Axes
  2890 | D:4      | XOM: cast spell 'Monstrous Menagerie'
  3080 | D:5      | Entered Level 5 of the Dungeon
  3280 | D:5      | Found an iron altar of Okawaru.
  3283 | D:5      | Fell from the grace of Xom
  3283 | D:5      | Became a worshipper of Warmaster Okawaru
  3325 | D:5      | Reached skill level 10 in Axes
  3325 | D:5      | Reached XP level 7. HP: 44/57 MP: 7/7
  3379 | D:5      | Found a deep blue altar of Sif Muna.
  3496 | D:5      | Noticed Dowan
  3497 | D:5      | Noticed Duvessa
  3508 | D:5      | Killed Dowan
  3508 | D:5      | Reached skill level 11 in Axes
  3509 | D:5      | Killed Duvessa
  3509 | D:5      | Reached * piety under Okawaru
  3801 | D:5      | Reached XP level 8. HP: 64/64 MP: 8/8
  3832 | D:5      | Reached skill level 12 in Axes
  3908 | D:6      | Found a blossoming altar of Fedhas.
  4029 | D:6      | Found a staircase to the Ecumenical Temple.
  4201 | D:6      | XOM: severe Erth miscast
  4265 | D:6      | Found a blossoming altar of Fedhas.
  4329 | D:6      | Found Caddov's Gadget Shop.
  4689 | D:6      | HP: 8/64 [something (10)]
  4804 | D:6      | Reached skill level 13 in Axes
  5240 | D:6      | XOM: draining
  5256 | D:6      | XOM: give mutations
  5256 | D:6      | Lost mutation: You have large cloven feet. [Xom's mischief]
  5256 | D:6      | Lost mutation: Your muscles are very strong. (Str +4) [Xom's mischief]
  5388 | D:5      | Found a burning altar of Makhleb.
  5388 | D:5      | Found a hazy altar of Hepliaklqana.
  5388 | D:5      | Found an ornate altar of the Wu Jian Council.
  5388 | D:5      | Found a shadowy altar of Dithmenos.
  5414 | D:7      | XOM: noise
  5740 | D:7      | HP: 14/64 [worker ant (4)]
  5746 | D:7      | HP: 10/64 [poisoned by a worker ant]
  5752 | D:7      | HP: 8/64 [poisoned by a worker ant]
  5758 | D:7      | HP: 8/64 [poisoned by a worker ant]
  5766 | D:7      | HP: 7/64 [poisoned by a worker ant]
  6059 | D:7      | Reached skill level 14 in Axes
  6091 | D:7      | XOM: give mutations
  6091 | D:7      | Gained mutation: You have a pair of small horns on your head. [Xom's mischief]
  6091 | D:7      | Gained mutation: You are agile. (Dex +2) [Xom's mischief]
  6091 | D:7      | Lost mutation: You have a pair of small horns on your head. [Xom's mischief]
  6231 | D:7      | Reached XP level 9. HP: 67/70 MP: 9/9
  6414 | D:7      | Reached ** piety under Okawaru
  6820 | D:6      | Reached skill level 15 in Axes
  6870 | D:6      | XOM: god gift: 17 stones
  6913 | D:7      | Noticed a two-headed ogre
  6922 | D:7      | HP: 15/70 [two-headed ogre/giant club (8)]
  7055 | D:7      | XOM: summons 4 hostile demons
  7220 | D:7      | XOM: mild Conj miscast
  7224 | D:7      | Found Goc Egg's Antique Armour Shop.
  7232 | D:7      | Bought a runed chain mail for 180 gold pieces
  7290 | D:7      | Found a basalt altar of Yredelemnul.
  7385 | D:7      | Killed a two-headed ogre
  7385 | D:7      | Reached skill level 16 in Axes
  7688 | D:7      | XOM: divination: detect items
  7758 | D:7      | Reached skill level 1 in Invocations
  7806 | D:7      | Reached *** piety under Okawaru
  7904 | D:8      | Reached skill level 4 in Fighting
  7904 | D:8      | Reached skill level 2 in Invocations
  7904 | D:8      | Reached XP level 10. HP: 33/79 MP: 9/11
  8145 | D:8      | Reached skill level 3 in Armour
  8203 | D:8      | XOM: 1-stop teleportation journey
  8216 | D:8      | Reached skill level 3 in Invocations
  8219 | D:8      | XOM: god gift: 37 gold pieces
  8230 | D:8      | Noticed Maurice
  8250 | D:8      | Killed Maurice
  8250 | D:8      | Reached skill level 5 in Fighting
  8250 | D:8      | Reached skill level 4 in Armour
  8312 | D:8      | XOM: medium Necr miscast
  8541 | D:8      | Found a shimmering altar of Xom.
  8556 | D:8      | Received a gift from Okawaru
  8556 | D:8      | Reached skill level 4 in Invocations
  8687 | D:8      | XOM: medium Fire miscast
  8798 | D:8      | XOM: divination: magic mapping
  8833 | D:8      | Reached skill level 5 in Invocations
  9105 | D:8      | XOM: silly message
  9126 | D:8      | Noticed Goblin1989's ghost (novice DEFE)
  9155 | D:8      | Killed Goblin1989's ghost
  9155 | D:8      | Reached **** piety under Okawaru
  9155 | D:8      | Reached skill level 6 in Fighting
  9155 | D:8      | Reached skill level 5 in Armour
  9196 | D:8      | XOM: mild Erth miscast
  9348 | D:8      | XOM: mild Pois miscast
  9361 | D:8      | XOM: noise
  9392 | D:9      | Reached skill level 6 in Invocations
  9453 | D:9      | Found a staircase to the Orcish Mines.
  9459 | D:9      | Reached skill level 7 in Fighting
  9470 | D:9      | Reached skill level 6 in Armour
  9736 | D:9      | Found a shattered altar of Ashenzari.
  9736 | D:9      | XOM: 4-stop teleportation journey
  9759 | D:9      | Noticed Psyche
  9828 | D:9      | Reached skill level 7 in Invocations
  9836 | D:9      | Reached XP level 11. HP: 90/92 MP: 16/16
  9846 | D:9      | Cast into level 1 of the Abyss (Psyche)
  9897 | Abyss:1  | Found a corrupted altar of Lugonu.
  9930 | Abyss:1  | Killed an unseen horror
  9944 | Abyss:1  | Found a corrupted altar of Lugonu.
  9992 | Abyss:1  | Noticed a sixfirhy
  9992 | Abyss:1  | Noticed a wretched star
  9995 | Abyss:1  | HP: 15/94 [sixfirhy (11)]
  9996 | Abyss:1  | HP: 5/94 [sixfirhy (5)]
  9996 | Abyss:1  | Mangled by a sixfirhy

Vault maps used:
D:1:      ldierk_water_garden, hangedman_decor_peaks_small,
          columned_hall_lemuel, serial_bayou_pond_b
D:2:      tso_altar, first_bread, st_stairs_4
D:4:      minmay_misc_feat_rows
D:5:      kennysheep_mini, lemuel_round_altar, nicolae_overflow_hidden_temple,
          minmay_misc_feat_nine_boxes, uniq_duvessa
D:6:      kennysheep_mini_moat, minmay_temple_entry_glassed_door, serial_shops,
          shop, fedhas_altar_decomposition
D:7:      yredelemnul_forgotten_temple_becter, serial_shops, shop
D:8:      basic_altar, uniq_maurice
D:9:      ashenzari_altar_1, david_orc_2, uniq_psyche

Skill      XL: |  1  2  3  4  5  6  7  8  9 10 |
---------------+-------------------------------+-----
Axes           | 5 6 7 8 10 11 14 16 | 16.6
Invocations    | 2 7 |  7.7
Fighting       | 4 7 |  7.8
Armour         | 6 |  6.8
Dodging        | |  0.7

Action                   |  1- 3 |  4- 6 |  7- 9 | 10-12 || total
-------------------------+-------+-------+-------+-------++-------
Melee: Hand axe          |   124 |   165 |   230 |       ||   519
       Kick              |    10 |    48 |    34 |       ||    92
       War axe           |       |       |   149 |   346 ||   495
       Punch             |       |       |     1 |       ||     1
Invok: Heroism           |       |       |     2 |     4 ||     6
Evoke: Wand              |       |       |     6 |     3 ||     9
  Use: Scroll            |       |    10 |     7 |     1 ||    18
       Potion            |       |     1 |     3 |     1 ||     5
 Stab: Petrifying        |     1 |       |       |       ||     1
       Petrified         |       |     5 |       |       ||     5
       Paralysed         |       |     1 |       |       ||     1
       Confused          |       |       |     2 |       ||     2
       Sleeping          |       |       |       |     1 ||     1
  Eat: Chunk             |     2 |     6 |    12 |    10 ||    30
       Royal jelly       |       |       |     1 |       ||     1
Armor: Scale mail        |    47 |    65 |   121 |       ||   233
       Leather armour    |     1 |       |       |       ||     1
       Chain mail        |       |       |    25 |   162 ||   187
Dodge: Dodged            |    72 |    62 |   121 |    88 ||   343

Vault maps used:
D:1:      ldierk_water_garden, hangedman_decor_peaks_small,
          columned_hall_lemuel, serial_bayou_pond_b
D:2:      tso_altar, first_bread, st_stairs_4
D:4:      minmay_misc_feat_rows
D:5:      kennysheep_mini, lemuel_round_altar, nicolae_overflow_hidden_temple,
          minmay_misc_feat_nine_boxes, uniq_duvessa
D:6:      kennysheep_mini_moat, minmay_temple_entry_glassed_door, serial_shops,
          shop, fedhas_altar_decomposition
D:7:      yredelemnul_forgotten_temple_becter, serial_shops, shop
D:8:      basic_altar, uniq_maurice
D:9:      ashenzari_altar_1, david_orc_2, uniq_psyche

Table legend:
 A = Turns spent in this place as a percentage of turns spent in the entire game.
 B = Non-inter-level travel turns spent in this place as a percentage of non-inter-level travel turns spent in the entire game.
 C = Inter-level travel turns spent in this place as a percentage of turns spent in this place.
 D = Turns resting spent in this place as a percentage of non-inter-level travel turns spent in this place.
 E = Turns spent auto-exploring this place as a percentage of non-inter-level travel turns spent in this place.
 F = Non-inter-level travel turns spent in this place divided by the number of levels of this place that you've seen.
                   A       B       C       D       E      F
               +-------+-------+-------+-------+-------+----------------------
         Total | 100.0 | 100.0 |   0.7 |   2.8 |   8.2 | 271.7
       Dungeon |  96.6 |  96.5 |   0.7 |   2.7 |   8.5 | 291.4
         Abyss |   3.4 |   3.5 |   0.0 |   6.4 |   0.0 |  94.0
               +-------+-------+-------+-------+-------+----------------------

Table legend:
 A = Kills in this place as a percentage of kills in entire the game.
 B = Kills by you in this place as a percentage of kills by you in the entire game.
 C = Kills by friends in this place as a percentage of kills by friends in the entire game.
 D = Other kills in this place as a percentage of other kills in the entire game.
 E = Experience gained in this place as a percentage of experience gained in the entire game.
 F = Experience gained in this place divided by the number of levels of this place that you have seen.
                   A       B       C       D       E      F
               +-------+-------+-------+-------+-------+----------------------
         Total | 100.0 | 100.0 | 100.0 |  -nan | 100.0 | 1051.7
       Dungeon |  99.1 |  99.1 | 100.0 |  -nan |  88.7 | 1036.7
         Abyss |   0.9 |   0.9 |   0.0 |  -nan |  11.3 | 1187.0
               +-------+-------+-------+-------+-------+----------------------
